 Dungeon Crawl Stone Soup version 0.23.1 (webtiles) character file.

Game seed: 10703501872148079426

56 Charmandara the Chiller (level 3, 0/26 HPs)
             Began as a Demigod Ice Elementalist on Mar 16, 2019.
             Killed by nerve-wracking pain
             ... invoked by Jessica
              (14 damage)
             ... on level 2 of the Dungeon.
             The game lasted 00:03:34 (1164 turns).

Charmandara the Chiller (Demigod Ice Elementalist)  Turns: 1164, Time: 00:03:35

Health: 0/26       AC:  3    Str: 11    XL:     3   Next: 48%
Magic:  4/9        EV: 12    Int: 21    God:
Gold:   86         SH:  0    Dex: 16    Spells: 4/7 levels left

rFire    . . .     SeeInvis .   q - +0 dagger
rCold    . . .     Gourm    .   (no shield)
rNeg     . . .     Faith    .   a - +0 robe
rPois    .         Spirit   .   t - +1 hat
rElec    .         Reflect  .   (no cloak)
rCorr    .         Harm     .   (no gloves)
MR       .....                  (no boots)
Stlth    ++........             (no amulet)
HPRegen  0.08/turn              l - ring of wizardry {Wiz+, !d}
MPRegen  0.11/turn              (no ring)

@: very slightly contaminated
A: high mp 1
a: no special abilities


You were on level 2 of the Dungeon.
You were not hungry.

You visited 1 branch of the dungeon, and saw 2 of its levels.

You collected 86 gold pieces.

Inventory:

Hand Weapons
 m - a +0 hunting sling
   (You found it on level 1 of the Dungeon)
 q - a +0 dagger (weapon)
   (You found it on level 1 of the Dungeon)
Missiles
 b - 14 poisoned needles
 d - 5 javelins (quivered)
 n - 73 stones
 v - 7 tomahawks
Armour
 a - a +0 robe (worn)
 i - a +0 leather armour
   (You found it on level 1 of the Dungeon)
 t - a +1 hat (worn)
   (You found it on level 2 of the Dungeon)
Jewellery
 l - a ring of wizardry (left hand) {Wiz+, !d}
   (You found it on level 1 of the Dungeon)
Scrolls
 g - a scroll of blinking {unknown}
 h - a scroll of identify {unknown}
 k - 2 scrolls of teleportation {unknown}
 p - a scroll of fear {unknown}
 r - a scroll of enchant armour {unknown}
 y - a scroll of remove curse {unknown}
Potions
 e - 2 potions of haste {unknown}
 j - 2 potions of curing
 o - a potion of agility {unknown}
 s - a potion of mutation {unknown}
 u - a potion of resistance {unknown}
 w - 2 potions of lignification {unknown}
 x - a potion of brilliance {unknown}
Comestibles
 c - 3 rations
 f - 6 chunks of flesh {@w0}


   Skills:
 - Level 1.7 Dodging
 - Level 1.7 Stealth
 + Level 2.5 Spellcasting
 * Level 1.7 Conjurations
 + Level 3.3 Ice Magic


You had 4 spell levels left.
You knew the following spells:

 Your Spells              Type           Power        Failure   Level  Hunger
a - Freeze                Ice            ###.         1%          1    None
x - Throw Frost           Conj/Ice       ##....       3%          2    ##.....

Your spell library contained the following spells:

 Spells                   Type           Power        Failure   Level  Hunger
 Ozocubu's Armour         Chrm/Ice       #.......     9%          3    ###....
 Throw Icicle             Conj/Ice       ##......     19%         4    ####...
 Summon Ice Beast         Ice/Summ       #.......     26%         4    ####...


Dungeon Overview and Level Annotations

Branches:
Dungeon (2/15)

Annotations:
D:2 Jessica


Innate Abilities, Weirdness & Mutations

You have an increased reservoir of magic. (+10% MP)


Message History

The bat hits you but does no damage. The bat closely misses you.
Aim: a bat You freeze the bat!
You kill the bat!
The quokka bites you.
You now have 8/9 mp.
Unknown command.
Aim: a quokka You freeze the quokka.
The quokka twitches its whiskers.
The quokka bites you but does no damage.
You now have 7/9 mp.
Unknown command.
You closely miss the quokka. The quokka barely misses you.
Aim: a quokka (moderately wounded)
You freeze the quokka.
You kill the quokka!
You now have 6/9 mp.
Unknown command.
Okay, then.
You see here a quokka corpse.
You butcher the quokka corpse.
f - 3 chunks of flesh {@w0} (gained 1)
You see here a quokka skeleton.
You see here a bat corpse.
You butcher the bat corpse.
f - 4 chunks of flesh {@w0} (gained 1)
You see here a bat skeleton.
You open the door.
There is an open door here.
A rat comes into view.
Health restored: 26 MP restored: 9
Aim: a rat You freeze the rat.
You kill the rat!
You now have 8/9 mp.
Unknown command.
You see here a rat corpse.
You butcher the rat corpse.
f - 5 chunks of flesh {@w0} (gained 1)
You see here a rat skeleton.
You see here a robe.
A goblin comes into view.
MP restored: 9 The goblin hits you.
You take 3 damage, and have 23/26 hp.
Aim: a goblin You freeze the goblin.
You kill the goblin!
You now have 8/9 mp.
Unknown command.
You see here a goblin corpse.
You butcher the goblin corpse.
f - 6 chunks of flesh {@w0} (gained 1)
You see here a goblin skeleton.
You now have 74 gold pieces (gained 1).
You open the door.
Found a stone staircase leading up.
Health restored: 26; MP restored: 9
There is an open door here.
x - a yellow potion You now have 86 gold pieces (gained 12).
y - a scroll labeled JEECLE CUNASO
e - 2 bubbling clear potions (gained 1)
You see here a hand axe.
Jessica the Apprentice Sorceress comes into view.
She is wielding a +0 dagger.
Jessica shouts!
Jessica gestures at you while chanting. Pain shoots through your body!
You take 10 damage, and have 16/26 hp.
MASSIVE DAMAGE!!
Aim: Jessica, wielding a +0 dagger and wearing a +0 robe You freeze Jessica.
Jessica hits you with a +0 dagger.
You take 1 damage, and have 15/26 hp.
You now have 8/9 mp.
Unknown command.
Aim: Jessica, wielding a +0 dagger and wearing a +0 robe (severely wounded)
You freeze Jessica. Jessica closely misses you.
You now have 7/9 mp.
Unknown command.
Aim: Jessica, wielding a +0 dagger and wearing a +0 robe (almost dead)
You freeze Jessica. Jessica gestures at you while chanting.
Pain shoots through your body!
You take 1 damage, and have 14/26 hp.
You now have 6/9 mp.
Unknown command.
Aim: Jessica, wielding a +0 dagger and wearing a +0 robe (almost dead)
You miscast Freeze.
You are very lightly contaminated with residual magic.
Nothing appears to happen.
Jessica drinks a potion.
Jessica is healed!
You now have 5/9 mp.
Aim: Jessica, wielding a +0 dagger and wearing a +0 robe (moderately wounded)
You freeze Jessica. Jessica gestures at you while chanting.
Pain shoots through your body!
Ouch! That really hurt!
You die...

###......###.#...
#.....<......#...
###....#.#####...
###............
#.##.######.. ######
########.#.......##.
.....##
##........#.......##.
......##
##........##.......##.
.......##
##...@@.#####.......###
........###.......#
#.......###
......#...........#
#..........
......#...........#
##.........
......#.......)...#
#..#######
......###......####
#..# ### # ##.####
#......# #..#######
##.# #......#######
#..'.[_..+ ##.#
#............#
#..###.###


You could see Jessica.

Vanquished Creatures
  A gnoll (D:1)
  An adder (D:2)
  A worm (D:2)
  4 dart slugs
  A leopard gecko (D:1)
  4 goblins (D:2)
  3 hobgoblins (D:1)
  A quokka (D:2)
  6 bats
  2 kobolds (D:1)
  5 rats
29 creatures vanquished.

Notes
Turn   | Place    | Note
-------+----------+-------------------------------------------
     0 | D:1      | Charmandara the Demigod Ice Elementalist began the quest
                  | for the Orb.
     0 | D:1      | Reached XP level 1. HP: 14/14 MP: 5/5
   119 | D:1      | Reached skill level 2 in Spellcasting
   139 | D:1      | Reached skill level 3 in Ice Magic
   139 | D:1      | Reached XP level 2. HP: 19/20 MP: 3/7
   206 | D:1      | Learned a level 2 spell: Throw Frost
   214 | D:1      | Reached skill level 1 in Conjurations
   658 | D:2      | Found a radiant altar of Vehumet.
   704 | D:2      | Reached XP level 3. HP: 19/26 MP: 5/9
   828 | D:2      | Found a glowing silver altar of Zin.
   958 | D:2      | Found a faded altar of an unknown god.
  1156 | D:2      | Noticed Jessica
  1164 | D:2      | Killed from afar by Jessica

Skill      XL: |  1  2 |
---------------+-------+-----
Spellcasting   | 2 |  2.5
Ice Magic      | 3 |  3.3
Conjurations   | 1 |  1.7
Dodging        | |  1.7
Stealth        | |  1.7

Action                   || total
-------------------------++-------
Melee: Dagger            ||    33
       Club              ||     3
Throw: Javelin           ||     4
 Cast: Freeze            ||    34
       Throw Frost       ||     6
 Stab: Sleeping          ||     3
  Eat: Chunk             ||     1
Armor: Robe              ||    12
Dodge: Dodged            ||    47

Levels and vault maps discovered:
D:1:      psy_arrival_dodecagon, layout_rooms
D:2:      layout_basic, lemuel_doored_altar, lemuel_crystal_altar,
          minmay_overflow_temple_star_hex, chequers_ecumenical_altar_lobes,
          uniq_jessica

Table legend:
 A = Turns spent in this place as a percentage of turns spent in the entire game.
 B = Non-inter-level travel turns spent in this place as a percentage of non-inter-level travel turns spent in the entire game.
 C = Inter-level travel turns spent in this place as a percentage of turns spent in this place.
 D = Turns resting spent in this place as a percentage of non-inter-level travel turns spent in this place.
 E = Turns spent auto-exploring this place as a percentage of non-inter-level travel turns spent in this place.
 F = Non-inter-level travel turns spent in this place divided by the number of levels of this place that you've seen.
                   A       B       C       D       E      F
               +-------+-------+-------+-------+-------+----------------------
         Total | 100.0 | 100.0 |   3.2 |  25.0 |  46.9 | 563.5
       Dungeon | 100.0 | 100.0 |   3.2 |  25.0 |  46.9 | 563.5
               +-------+-------+-------+-------+-------+----------------------

Table legend:
 A = Kills in this place as a percentage of kills in entire the game.
 B = Kills by you in this place as a percentage of kills by you in the entire game.
 C = Kills by friends in this place as a percentage of kills by friends in the entire game.
 D = Other kills in this place as a percentage of other kills in the entire game.
 E = Experience gained in this place as a percentage of experience gained in the entire game.
 F = Experience gained in this place divided by the number of levels of this place that you have seen.
                   A       B       C       D       E      F
               +-------+-------+-------+-------+-------+----------------------
         Total | 100.0 | 100.0 |   N/A |   N/A | 100.0 |  40.5
       Dungeon | 100.0 | 100.0 |   N/A |   N/A | 100.0 |  40.5
               +-------+-------+-------+-------+-------+----------------------
